 Dungeon Crawl Stone Soup version 0.31.0-12-g77e489cdc1 (webtiles) character file.

Game seed: 4588595965257017721

1034 KhanShotFirst the Ruffian (level 8, -2/74 HPs)
             Began as a Troll Shapeshifter on Feb 19, 2024.
             Slain by an orc warrior
             ... wielding a +1 short sword of venom
              (4 damage)
             ... on level 7 of the Dungeon.
             The game lasted 00:18:13 (2880 turns).

KhanShotFirst the Ruffian (Troll Shapeshifter)      Turns: 2880, Time: 00:18:14

Health: -2/74      AC:  4    Str: 23    XL:     8   Next: 3%
Magic:  7/7        EV: 10    Int:  6    God:
Gold:   136        SH:  0    Dex: 11    Spells: 7/7 levels left

rFire   . .          .
                       - Unarmed
rCold   . . .        (no shield)
rNeg    . . .        a - +0 animal skin
rPois   +            (helmet currently unavailable)
rElec   .            (cloak currently unavailable)
rCorr   .            (gloves unavailable)
SInv    +            (boots unavailable)
Will    .....        (no amulet)
Stlth   +            i - ring of see invisible
HPRegen 1.12/turn    l - ring of poison resistance
MPRegen 0.10/turn

%: no passive effects
@: beast-form
A: beast (slay +3), large, unfitting armour, claws 3, regeneration 1, shaggy fur
1, tough skin 1
a: Begin Untransformation


You were on level 7 of the Dungeon.
You were a hulking beast.
You visited 1 branch of the dungeon, and saw 7 of its levels.

You collected 166 gold pieces.
You spent 30 gold pieces at shops.

Inventory:

Missiles
 n - 14 poisoned darts (quivered)
 q - a throwing net
 x - 5 javelins
Armour
 a - a +0 animal skin (worn)
 r - a scarf of shadows
Magical Staves
 m - a staff of death
Jewellery
 i - a ring of see invisible (left claw)
 l - a ring of poison resistance (right claw)
 o - a ring of protection from fire
 w - a +6 ring of intelligence
Talismans
 c - a beast talisman
 d - a flux talisman
 g - a flux talisman
Wands
 v - a wand of iceblast (5)
Scrolls
 j - 5 scrolls of identify {unknown}
 s - a scroll of enchant weapon {unknown}
 y - a scroll of teleportation {unknown}
Potions
 b - a potion of curing {unknown}
 e - 2 potions of magic
 f - a potion of heal wounds {unknown}
 h - a potion of mutation {unknown}
 k - a potion of brilliance
 p - a potion of might {unknown}
 t - a potion of resistance
 u - a potion of attraction {unknown}
 z - a potion of ambrosia {unknown}
 A - a potion of enlightenment {unknown}


   Skills:
 + Level 2.9 Fighting
 + Level 0.8 Throwing
 + Level 3.3 Dodging
 * Level 6.0 Unarmed Combat
 * Level 6.0 Shapeshifting


You had 7 spell levels left.
You didn't know any spells.
Your spell library contained the following spells:

 Spells                   Type           Power      Damage    Failure   Level
 Apportation              Tloc           0%         N/A       45%         1
 Magic Dart               Conj           0%         1d3       45%         1
 Necrotise                Necr           0%         1d4       45%         1
 Sting                    Conj/Alch      0%         1d3       45%         1
 Summon Small Mammal      Summ           0%         N/A       45%         1
 Searing Ray              Conj           0%         2d4       58%         2
 Fulminant Prism          Conj/Alch      0%         3d5       99%         4


Dungeon Overview and Level Annotations

Branches:
Dungeon (8/15)
 Temple: D:4-7         Lair: D:8-11

Altars:
Xom

Shops:
D:3 (

Annotations:
D:7 Joseph


Innate Abilities, Weirdness & Mutations

You are a hulking beast.
Your limbs bulge with bestial killing power. (Slay +3)
You are too large for most types of armour.
You have claws for hands.
Your natural rate of healing is unusually fast.
You are covered in fur. (AC +1)
You have tough skin. (AC +1)


Message History

Throw: 16 darts (poison)
Press: ? - help, Q - select action, (/) - cycle Shift-Dir - straight line, f/p - Joseph
Aim: Joseph, wielding a +0 sling and wearing a +0 leather armour (lightly wounded, very poisoned, 59% to hit)
You throw a poisoned dart. The poisoned dart barely misses Joseph.
An orc warrior comes into view.
It is wielding a +1 short sword of venom.
Joseph shoots a sling bullet.
The sling bullet barely misses you.
Throw: 15 darts (poison)
Press: ? - help, Q - select action, (/) - cycle Shift-Dir - straight line, f/p - Joseph
Aim: Joseph, wielding a +0 sling and wearing a +0 leather armour (lightly wounded, very poisoned, 57% to hit)
You throw a poisoned dart. The poisoned dart hits Joseph.
Joseph looks even sicker.
Joseph is lightly wounded.
The orc warrior shouts!
You hear a shout! x2
Joseph shoots a sling bullet.
The sling bullet hits you!
Joseph unwields a +0 sling.
Joseph wields a +0 quarterstaff.
Joseph hits you with a +0 quarterstaff!
* * * LOW HITPOINT WARNING * * *
You barely miss Joseph.
Joseph is lightly wounded.
Joseph hits you with a +0 quarterstaff.
* * * LOW HITPOINT WARNING * * *
You claw Joseph!
Joseph is moderately wounded.
Joseph hits you with a +0 quarterstaff.
* * * LOW HITPOINT WARNING * * *
You claw Joseph!
Joseph is heavily wounded.
An orc wizard comes into view. It is wielding a +0 dagger.
The orc wizard shouts!
You claw Joseph!
Joseph is severely wounded.
Joseph hits you with a +0 quarterstaff!
* * * LOW HITPOINT WARNING * * *
You claw the orc warrior!
The orc warrior is heavily wounded.
Joseph closely misses you.
An orc priest comes into view. It is wielding a +0 war axe.
The orc warrior hits you with a +1 short sword of venom.
You die...

#.. ...# ##...
#$.# ##....
...#
......##..##
#......... ####
#..#.....#.....
#..........#
#.##...>...###
#.....ho......#
#.##..@....##.#
....(.....#
##.....#.#.o..
#.....######o
#.....# #
#.(...# ......#


You could see Joseph (very poisoned), an orc warrior, an orc priest (wandering)
and an orc wizard.

Vanquished Creatures
  Sigmund (D:4)
  The ghost of LoggersVIII the Sneak, an amateur OpEE (D:3)
  Pargi (D:4)
  An ogre (D:4)
  A kobold brigand (D:4)
  A phantom (D:4)
  A scorpion (D:4)
  A water moccasin skeleton (D:3)
  A bullfrog zombie (D:3)
  A hound (D:4)
  2 iguanas (D:4)
  A sleepcap (D:7)
  A killer bee zombie (D:3)
  A mummy (D:3)
  3 gnolls (D:2)
  A howler monkey skeleton (D:3)
  7 adders
  A dart slug (D:2)
  4 bats
  7 endoplasms
  A giant cockroach (D:1)
  5 hobgoblins
  2 jackals (D:1)
  6 quokkas
  10 ball pythons
  A frilled lizard (D:2)
  8 goblins
  9 kobolds
  5 rats
85 creatures vanquished.

Notes
Turn   | Place    | Note
-------+----------+-------------------------------------------
     0 | D:1      | KhanShotFirst the Troll Shapeshifter began the quest for
                  | the Orb.
     0 | D:1      | Reached XP level 1. HP: 18/18 MP: 0/0
   123 | D:1      | Reached XP level 2. HP: 26/26 MP: 1/1
   500 | D:1      | Reached XP level 3. HP: 32/32 MP: 2/2
   786 | D:2      | Reached skill level 1 in Fighting
   933 | D:2      | Reached XP level 4. HP: 25/41 MP: 3/3
   992 | D:2      | Found a faded altar of an unknown god.
  1046 | D:2      | Found a shimmering altar of Xom.
  1453 | D:3      | Found a transporter.
  1461 | D:3      | Found a transporter.
  1462 | D:3      | Noticed LoggersVIII's ghost (amateur OpEE)
  1762 | D:3      | Found Bumo's Weapon Shoppe.
  1768 | D:3      | Bought 5 poisoned darts for 30 gold pieces
  2040 | D:3      | Reached XP level 5. HP: 33/48 MP: 4/4
  2047 | D:3      | Killed LoggersVIII's ghost
  2048 | D:3      | Reached XP level 6. HP: 18/57 MP: 5/5
  2150 | D:4      | Noticed Sigmund
  2163 | D:4      | Reached skill level 5 in Shapeshifting
  2173 | D:4      | Killed Sigmund
  2174 | D:4      | Reached skill level 5 in Unarmed Combat
  2174 | D:4      | Reached XP level 7. HP: 9/66 MP: 6/6
  2618 | D:4      | Noticed Pargi
  2624 | D:4      | Killed Pargi
  2625 | D:4      | Reached XP level 8. HP: 61/74 MP: 7/7
  2825 | D:5      | Entered Level 5 of the Dungeon
  2854 | D:5      | You fall into a shaft and drop 3 floors!
  2863 | D:7      | Noticed Joseph
  2879 | D:7      | HP: 1/74 [Joseph/+0 quarterstaff (9)]
  2880 | D:7      | Slain by an orc warrior

Illustrated notes

Levels and vault maps discovered:
D:1:      lightli_iron_boxes, layout_loops_ring, kennysheep_minor_cross
D:2:      layout_loops_ring, chequers_ecumenical_altar_grove, basic_altar,
          dk_noncrumbling_3
D:3:      layout_loops_ring, serial_shops, nicolae_shop_tiny_statue_garden,
          gammafunk_ghost_mausoleum, grunt_decor_one_mirror
D:4:      cheibrodos_thug_alley, layout_rooms, uniq_sigmund, uniq_pargi
D:5:      kennysheep_big_flooded_room, layout_cave_pools,
          nicolae_qazlal_beasts_of_the_sky, minmay_temple_entry_ruins,
          uniq_menkaure
D:7:      layout_loops_cross, minmay_misc_feat_square,
          kennysheep_generic_room_14, uniq_pikel, uniq_joseph
D:8:      nicolae_cairo_tiling, layout_basic

Skill      XL: |  1  2  3  4  5  6  7  8 |
---------------+-------------------------+-----
Fighting       | 1 2 |  2.9
Dodging        | 2 3 |  3.3
Shapeshifting  | 4 5 6 |  6.0
Unarmed Combat | 4 5 6 |  6.0
Throwing       | |  0.8

Action                     |  1- 3 |  4- 6 |  7- 9 || total
---------------------------+-------+-------+-------++-------
  Melee: Unarmed           |    80 |    81 |    45 ||   206
         Punch             |       |     2 |       ||     2
  Throw: Javelin           |       |       |    35 ||    35
         Dart              |       |       |    14 ||    14
    Use: Potion            |       |     4 |       ||     4
   Stab: Sleeping          |     1 |       |       ||     1
 Armour: Animal skin       |    38 |    43 |    32 ||   113
         Skin              |       |     9 |       ||     9
  Dodge: Dodged            |    32 |    34 |    22 ||    88
